 Dungeon Crawl Stone Soup version 0.28.0-45-g0d030f2227 (webtiles) character file.

Game seed: 13679143542098434990

5 zeratav the Insei (level 1, -1/13 HPs)
             Began as an Octopode Transmuter on Apr 8, 2022.
             Slain by a goblin
             ... wielding a +0 dagger
              (3 damage)
             ... on level 1 of the Dungeon.
             The game lasted 00:00:18 (113 turns).

zeratav the Insei (Octopode Transmuter)              Turns: 113, Time: 00:00:19

Health: -1/13      AC:  1    Str:  9    XL:     1   Next: 80%
Magic:  3/3        EV: 13    Int: 15    God:
Gold:   11         SH:  0    Dex: 12    Spells: 3/4 levels left

rFire   . . .      SeeInvis .     - Unarmed
rCold   . . .      Faith    .   (no shield)
rNeg    . . .      Spirit   .   (helmet restricted)
rPois   .          Reflect  .   (no amulet)
rElec   .          Harm     .   (no ring)
rCorr   .          Rampage  .   (no ring)
Will    .....                   (no ring)
Stlth   ++........              (no ring)
HPRegen 0.04/turn               (no ring)
MPRegen 0.08/turn               (no ring)
                                (no ring)
                                (no ring)

@: no status effects
A: almost no armour, amphibious, 8 rings, camouflage 1, gelatinous body 1,
(nimble swimmer 1), tentacles
a: no special abilities


You were on level 1 of the Dungeon.
You visited 1 branch of the dungeon, and saw 1 of its levels.

You collected 11 gold pieces.


Innate Abilities, Weirdness & Mutations

You cannot wear most types of armour.
You are amphibious.
You can wear up to eight rings at the same time.
Your skin changes colour to match your surroundings (Stealth+).
Your rubbery body absorbs attacks. (AC +1, EV +1)
((You are camouflaged when in or above water. (Stealth+)))
You have tentacles for arms and can constrict up to eight enemies at once.


   Skills:
 + Level 1.1 Fighting
 + Level 2.1 Dodging
 + Level 0.6 Stealth
 * Level 3.1 Unarmed Combat
 - Level 2.0 Spellcasting
 - Level 2.0 Transmutations


You had 3 spell levels left.
You knew the following spells:

 Your Spells              Type           Power      Damage    Failure   Level
a - Beastly Appendage     Tmut           14%        N/A       10%         1

Your spell library contained the following spells:

 Spells                   Type           Power      Damage    Failure   Level
 Wereblood                Tmut           7%         N/A       14%         2
 Spider Form              Tmut/Pois      4%         N/A       41%         3
 Ice Form                 Ice/Tmut       4%         N/A       82%         4

Inventory:

Potions
 a - a potion of cancellation {unknown}
 b - a potion of haste {unknown}

Dungeon Overview and Level Annotations

Branches:
Dungeon (1/15)

Altars:

###.#P....P.#..#
##......P..#.#
#......P..#)#
#.P......P#.#
#..P.PP..P#.###
#####_#####...####.##
...P #..........
....P ###.####.## .P.
#@# #g# ##.##
#.##J#...?..
#..)g.....>.
#.......#.#.
#.###.#...... #
#.#.##.#. #.#.# ..
#.. . (


You could see an endoplasm, a hobgoblin and a goblin.


Message History

No target in view!
No target in view!
No target in view!
A kobold comes into view. It is wielding a +0 club.
You tentacle-slap the kobold.
You kill the kobold!
No target in view!
No target in view!
No target in view!
No target in view!
No target in view!
No target in view!
No target in view!
No target in view!
No target in view!
Your transformation is almost over.
Things that are here:
a +0 club {mace}; a kobold corpse; MP[+1]
Your mp is fully restored (3).
Things that are here:
a +0 club {mace}; a goblin corpse Your tentacle spike disappears.
A kobold comes into view. It is wielding a +0 short sword.
The kobold shouts!
You hear a shout!
The kobold throws a stone.
The stone barely misses you.
One of your tentacles grows a vicious spike.
The kobold throws a stone.
The stone hits you.
HP[-2] MP[-1]
You take 2 damage, and now have 11/13 hp.
You lost 1 mp, and now have 2/3 mp.
A kobold comes into view. It is wielding a +0 dagger.
HP[+1]
The kobold throws a stone.
The stone hits you.
HP[-2]
You take 2 damage, and now have 10/13 hp.
Found 28 sling bullets.
Found a stone staircase leading down.
A rat comes into view.
The kobold hits you with a +0 short sword.
* * * LOW HITPOINT WARNING * * *
You tentacle-slap the kobold but do no damage.
Your grab misses the kobold. The kobold misses you.
A goblin comes into view. It is wielding a +0 dagger.
HP[-5]
You take 5 damage, and now have 5/13 hp.
MASSIVE DAMAGE!! (PAUSE)
The goblin shouts!
You tentacle-slap the kobold but do no damage.
Your grab misses the kobold.
Your tentacle spike misses the kobold.
The kobold misses you.
You closely miss the kobold. Your grab misses the kobold.
Your squeeze misses the kobold.
Your transformation is almost over.
The kobold barely misses you. The kobold closely misses you.
A hobgoblin comes into view.
The hobgoblin shouts!
You tentacle-slap the kobold.
You kill the kobold!
The kobold closely misses you.
You tentacle-slap the kobold. You grab the kobold.
You tentacle-slap the kobold.
You kill the kobold!
An endoplasm comes into view.
The rat bites you.
* * * LOW HITPOINT WARNING * * *
Things that are here:
a +0 short sword {short}; 2 stones {throwing}; a kobold corpse You are too injured to fight recklessly!
HP[-2]
You take 2 damage, and now have 3/13 hp.
You are too injured to fight recklessly!
You are too injured to fight recklessly!
You are too injured to fight recklessly!
You are too injured to fight recklessly!
You are too injured to fight recklessly!
You are too injured to fight recklessly!
You are too injured to fight recklessly!
You are too injured to fight recklessly!
You are too injured to fight recklessly!
You are too injured to fight recklessly!
You are too injured to fight recklessly!
You are too injured to fight recklessly!
You are too injured to fight recklessly!
You are too injured to fight recklessly!
You are too injured to fight recklessly!
You are too injured to fight recklessly!
You are too injured to fight recklessly!
There are monsters nearby!
MP[+1]
Your mp is fully restored (3).
You closely miss the rat. You grab the rat. You constrict the rat.
The rat bites you.
* * * LOW HITPOINT WARNING * * *
HP[-1]
You take 1 damage, and now have 2/13 hp.
You tentacle-slap the rat.
You kill the rat!
Your tentacle spike disappears.
You barely miss the goblin. Your grab misses the goblin.
The goblin hits you with a +0 dagger.
You die...

Action                   || total
-------------------------++-------
Melee: Unarmed           ||    11
       Constrict         ||     3
       Punch             ||     1
 Cast: Beastly Appendage ||     3
Dodge: Dodged            ||     7

Levels and vault maps discovered:
D:1:      lightli_arrival_isolated_outpost, layout_loops_ring,
          shapermc_ecumenical_altar_gd

Notes
Turn   | Place    | Note
-------+----------+-------------------------------------------
     0 | D:1      | zeratav the Octopode Transmuter began the quest for the
                  | Orb.
     0 | D:1      | Reached XP level 1. HP: 13/13 MP: 3/3
     0 | D:1      | magus.rc [v1.9.6]
    46 | D:1      | Found a faded altar of an unknown god.
   107 | D:1      | HP: 3/13 [rat (2)]
   113 | D:1      | Slain by a goblin

Vanquished Creatures
  A goblin (D:1)
  3 kobolds (D:1)
  A rat (D:1)
5 creatures vanquished.

Table legend:
 A = Non-vault XP
 B = Vault XP
 C = Vault XP percentage of total XP
 D = Non-vault monster count
 E = Vault monster count
 F = Vault count percentage of total count
                 A         B        C        D         E       F
            +---------+---------+-------+---------+---------+-------
      Total |       8 |       0 |   0.0 |       5 |       0 |   0.0
            +---------+---------+-------+---------+---------+-------
        D:1 |       8 |       0 |   0.0 |       5 |       0 |   0.0
            +---------+---------+-------+---------+---------+-------

Illustrated notes

Table legend:
 A = Kills in this place as a percentage of kills in entire the game.
 B = Kills by you in this place as a percentage of kills by you in the entire game.
 C = Kills by friends in this place as a percentage of kills by friends in the entire game.
 D = Other kills in this place as a percentage of other kills in the entire game.
 E = Experience gained in this place as a percentage of experience gained in the entire game.
 F = Experience gained in this place divided by the number of levels of this place that you have seen.
                   A       B       C       D       E      F
               +-------+-------+-------+-------+-------+----------------------
         Total | 100.0 | 100.0 |   N/A |   N/A | 100.0 |   8.0
       Dungeon | 100.0 | 100.0 |   N/A |   N/A | 100.0 |   8.0
               +-------+-------+-------+-------+-------+----------------------

Table legend: (Time is in decaauts)
 A = Elapsed time spent in this place.
 B = Non-inter-level travel time spent in this place.
 C = Inter-level travel time spent in this place.
 D = Time resting spent in this place.
 E = Time spent auto-exploring this place.
 F = Levels seen in this place.
 G = Mean time per level.
                   A        B        C        D        E       F      G
               +--------+--------+--------+--------+--------+-----+--------+
         Total |    112 |    112 |      0 |      0 |     81 |   1 |  112.0 |
       Dungeon |    112 |    112 |      0 |      0 |     81 |   1 |  112.0 |
               +--------+--------+--------+--------+--------+-----+--------+

Top non-repeatable levels by time:
     D:1: 112 daAuts
